Map: Lightshade LE

Players

Vanya

  • Race: Zerg Zerg

uThermal - Winner!

  • Race: Terran Terran

Event: DreamHack SC2 Masters 2021 Winter

VOD

Have the link to the VOD?

Description

Time

  • Played on: Oct. 13, 2021, 1:47 p.m.
  • Length: 9:07

All games in this series

Show
View Real Time Build Order
Export as new Build Order

Vanya Zerg 

Build Orders: Hatch First 

Get SALT Encoding   

  12  0:00  Drone  
  13  0:14  Overlord  
  13  0:17  Drone  
  14  0:32  Drone x2  
  16  0:47  Hatchery  
  15  0:51  Drone  
  15  0:55  Drone  
  17  0:58  Drone  
  18  1:09  Extractor  
  17  1:13  Spawning Pool  
  17  1:16  Drone  
  17  1:21  Drone  
  18  1:29  Drone  
  19  1:41  Drone  
  20  1:51  Drone  
  21  2:00  Queen x2  
  25  2:01  Zergling x4  
  27  2:12  Zergling x2  
  27  2:13  Overlord  
  28  2:22  Hatchery  
  27  2:28  Spore Crawler  
  26  2:30  Drone  
  26  2:32  Drone x2  
  30  2:39  Metabolic Boost  
  30  2:42  Drone  
  31  2:48  Queen  
  33  2:53  Overlord  
  33  2:56  Drone  
  33  2:58  Drone  
  35  3:00  Drone  
  36  3:14  Drone x2  
  36  3:15  Overlord, Drone x2  
  36  3:17  Drone  
  41  3:22  Queen  
  41  3:24  Drone  
  44  3:35  Drone x4  
  44  3:38  Queen  
  50  3:44  Overlord  
  50  3:46  Zergling x4  
  50  3:48  Drone x2  
  54  3:56  Drone x4  
  58  4:02  Spore Crawler  
  58  4:04  Drone x3  
  58  4:05  Queen  
  63  4:13  Overlord  
  63  4:16  Queen  
  65  4:19  Baneling Nest  
  65  4:21  Overlord x2  
  63  4:26  Drone x2  
  63  4:28  Lair  
  63  4:29  Extractor  
  64  4:33  Drone x3  
  64  4:34  Drone  
  64  4:38  Extractor  
  67  4:44  Zergling x6  
  67  4:45  Zergling x2  
  71  4:46  Drone x4  
  71  4:51  Overlord  
  71  4:52  Drone x2  
  77  4:55  Drone x2  
  77  4:59  Drone  
  81  5:00  Drone  
  81  5:04  Spore Crawler  
  81  5:05  Evolution Chamber  
  81  5:06  Spore Crawler x2  
  77  5:09  Evolution Chamber, Drone x2  
  78  5:16  Hatchery  
  78  5:20  Drone  
  78  5:21  Drone x3  
  80  5:24  Extractor x2, Drone x2  
  80  5:27  Centrifugal Hooks  
  81  5:31  Drone x3  
  81  5:32  Overseer  
  81  5:33  Drone  
  81  5:34  Drone  
  86  5:41  Zerg Melee Weapons Level 1, Zerg Ground Armor Level 1  
  86  5:45  Zergling x8  
  86  5:48  Baneling x3  
  90  5:53  Overlord  
  90  5:55  Zergling x2  
  90  5:56  Zergling x6  
  94  5:59  Zergling x6  
  94  6:02  Overseer  
  94  6:04  Overseer  
  94  6:08  Drone x3  
  94  6:10  Drone  
  94  6:11  Drone  
  97  6:12  Drone x2  
  97  6:13  Drone  
  98  6:20  Drone  
  98  6:21  Drone x5  
  103  6:26  Baneling x3  
  103  6:28  Hydralisk Den  
  103  6:30  Drone  
  103  6:31  Drone  
  103  6:32  Zergling x4  
  106  6:34  Overlord  
  106  6:36  Drone x2  
  108  6:42  Overlord  
  108  6:44  Drone  
  108  6:45  Drone  
  110  6:51  Baneling x8  
  110  6:52  Spore Crawler, Drone x2  
  110  6:53  Overlord x2  
  111  6:59  Grooved Spines  
  111  7:01  Extractor, Infestation Pit, Drone x4  
  113  7:11  Zergling x22  
  124  7:18  Overlord  
  124  7:20  Zergling x8  
  124  7:30  Hydralisk x4  
  129  7:39  Zergling x2, Hydralisk x4  
  129  7:40  Zergling x2  
  136  7:44  Overlord x2  
  136  7:47  Drone x4  
  140  7:54  Drone x3  
  140  7:57  Extractor x2  
  139  8:01  Drone x3  
  139  8:03  Zergling x8  
  139  8:04  Zergling x2  
  140  8:05  Baneling  
  140  8:06  Baneling x4  
  140  8:13  Hydralisk x3  
  145  8:20  Zergling x16  
  145  8:26  Baneling x10  
  151  8:31  Zergling x4  
  151  8:33  Zergling x6  
  151  8:34  Zergling x8  
  129  8:45  Zergling x12  
  129  8:47  Drone  
  126  8:49  Drone x2  
  126  8:53  Lurker Den  
Show
View Real Time Build Order
Export as new Build Order

uThermal Terran - Winner!

Build Orders: Reaper Expand, Hellion Banshee 

Get SALT Encoding   

  12  0:00  SCV  
  13  0:12  SCV  
  14  0:17  Supply Depot  
  14  0:24  SCV  
  15  0:38  SCV  
  15  0:39  Barracks  
  16  0:43  Refinery  
  16  0:52  SCV  
  17  1:04  SCV  
  18  1:16  SCV  
  19  1:26  Reaper  
  19  1:28  Orbital Command  
  20  1:39  Command Center  
  20  1:48  Supply Depot  
  20  1:54  SCV  
  20  1:58  Marine  
  22  2:07  SCV  
  23  2:09  Factory  
  23  2:19  SCV  
  23  2:20  Barracks Reactor  
  24  2:31  SCV  
  25  2:40  Command Center  
  25  2:43  SCV  
  26  2:52  Orbital Command  
  26  2:55  SCV  
  27  3:01  Starport  
  27  3:06  Refinery  
  27  3:07  SCV  
  28  3:13  Hellion  
  28  3:15  Hellion  
  28  3:18  SCV  
  28  3:19  SCV  
  34  3:22  Barracks Tech Lab  
  34  3:30  SCV  
  34  3:31  SCV  
  36  3:35  Hellion  
  36  3:37  Hellion  
  40  3:42  SCV  
  40  3:44  SCV  
  40  3:46  Banshee  
  45  3:53  Orbital Command  
  45  3:54  SCV  
  46  3:56  SCV  
  46  3:58  Hellion  
  46  3:59  Hellion  
  51  4:06  SCV, Supply Depot  
  51  4:08  SCV  
  51  4:09  Cloaking Field  
  52  4:17  Barracks Tech Lab  
  52  4:18  SCV  
  52  4:20  SCV x2  
  55  4:29  Banshee  
  55  4:31  SCV  
  59  4:32  Factory Reactor  
  59  4:33  SCV  
  59  4:35  SCV, Barracks  
  59  4:36  Barracks, Marine  
  62  4:43  SCV  
  62  4:44  Supply Depot  
  63  4:45  SCV  
  63  4:47  Stimpack, SCV  
  65  4:53  Engineering Bay x2  
  65  4:55  SCV  
  65  4:56  Marine  
  65  4:58  SCV, Refinery  
  68  5:02  Orbital Command  
  68  5:07  SCV  
  68  5:10  Barracks  
  68  5:11  Barracks  
  68  5:13  Marine  
  70  5:15  Factory Reactor  
  70  5:16  SCV  
  70  5:21  Refinery, Supply Depot  
  71  5:22  SCV  
  71  5:24  Supply Depot  
  71  5:26  Marine  
  74  5:28  SCV  
  74  5:29  Terran Infantry Weapons Level 1  
  74  5:30  Terran Infantry Armor Level 1  
  74  5:31  Marine  
  74  5:33  Marine  
  74  5:34  Marine  
  77  5:42  SCV x2, Marine  
  80  5:44  Marine  
  80  5:45  SCV  
  80  5:46  Supply Depot  
  80  5:49  Marine  
  83  5:50  Supply Depot  
  83  5:51  Marine  
  83  5:53  Starport Reactor  
  83  5:54  SCV, Widow Mine x2  
  83  5:56  SCV, Supply Depot  
  90  5:58  Barracks Reactor  
  90  5:59  Barracks Reactor  
  90  6:00  SCV  
  90  6:04  Marine, Supply Depot  
  91  6:06  SCV  
  91  6:07  Marine  
  91  6:08  SCV  
  95  6:12  SCV  
  95  6:14  Marine x3  
  95  6:15  Bunker  
  95  6:17  Widow Mine  
  101  6:18  SCV  
  101  6:19  Widow Mine  
  101  6:20  SCV  
  101  6:24  SCV, Marine  
  107  6:27  Marine  
  107  6:30  Medivac x2, SCV  
  107  6:32  SCV  
  114  6:33  Marine x2  
  114  6:34  Marine x2, Combat Shield  
  114  6:37  Marine  
  114  6:38  Refinery  
  114  6:39  Supply Depot  
  119  6:44  Widow Mine x2  
  119  6:45  SCV, Marine  
  125  6:50  Supply Depot  
  125  6:52  Factory  
  125  6:55  Armory  
  125  6:58  Supply Depot  
  125  7:01  Marine x8  
  133  7:12  Marine  
  133  7:14  Widow Mine x2  
  133  7:15  Supply Depot x2  
  138  7:18  Marine x3  
  138  7:19  Marine x2  
  138  7:20  Medivac x2  
  138  7:22  Marine  
  148  7:23  Supply Depot  
  148  7:30  Marine  
  148  7:32  Marine x2  
  148  7:36  Marine x2  
  154  7:37  Widow Mine x2  
  154  7:40  Widow Mine  
  154  7:42  Marine, Supply Depot  
  154  7:45  Marine x2  
  154  7:50  Marine x2  
  158  7:55  Marine, Supply Depot  
  158  7:56  Marine  
  158  7:58  SCV, Widow Mine  
  163  8:01  Marine  
  163  8:02  Marine x2  
  163  8:05  Medivac, Marine  
  167  8:07  Marine, Supply Depot  
  170  8:13  Widow Mine x2  
  170  8:18  Supply Depot  
  174  8:20  Supply Depot  
  174  8:23  Medivac  
  149  8:35  Marine  
  149  8:38  Widow Mine x2, Marine x8  
  143  8:54  Command Center  

Tags
 
Add a new tag
Caveats
  • Supply blocks, unpowered buildings, or Contaminate may cause inaccurate times.
  • Supply counts are checked every 10 seconds.